 Dungeon Crawl Stone Soup version 0.25.1-2-g60ff931df9 (webtiles) character file.

Game seed: 14605361183165605097

165 Fallenstar the Covered (level 5, -9/47 HPs)
             Began as a Minotaur Fighter on Sept 17, 2020.
             Mangled by an ogre
             ... wielding a +0 giant club
              (11 damage)
             ... on level 4 of the Dungeon.
             The game lasted 00:07:14 (3129 turns).

Fallenstar the Covered (Minotaur Fighter)           Turns: 3129, Time: 00:07:15

Health: -9/47      AC:  7    Str: 21    XL:     5   Next: 21%
Magic:  4/4        EV:  8    Int:  5    God:
Gold:   144        SH: 10    Dex: 10    Spells: 4/4 levels left

rFire    . . .     SeeInvis .   a - +0 war axe
rCold    . . .     Gourm    .   c - +1 kite shield
rNeg     . . .     Faith    .   b - +0 scale mail
rPois    .         Spirit   .   (helmet restricted)
rElec    .         Reflect  .   (no cloak)
rCorr    .         Harm     .   (no gloves)
MR       .....                  (no boots)
Stlth    ..........             (no amulet)
HPRegen  0.15/turn              (no ring)
MPRegen  0.09/turn              (no ring)

@: no status effects
A: retaliatory headbutt, horns 2
a: no special abilities


You were on level 4 of the Dungeon.
You were not hungry.

You visited 1 branch of the dungeon, and saw 4 of its levels.

You collected 144 gold pieces.

Inventory:

Hand Weapons
 a - a +0 war axe (weapon)
Armour
 b - a +0 scale mail (worn)
 c - a +1 kite shield (worn)
 n - a cursed +0 ring mail
Scrolls
 e - a scroll of identify
 j - 2 scrolls of remove curse
 m - 2 scrolls of amnesia
Potions
 d - a potion of haste {unknown}
 h - 2 potions of heal wounds {unknown}
 i - a potion of curing
Comestibles
 f - 8 rations
 g - 2 chunks of flesh


   Skills:
 + Level 4.3 Fighting
 + Level 4.0 Axes
 + Level 5.1 Armour
 + Level 0.8 Dodging
 + Level 4.4 Shields


You had 4 spell levels left.
You didn't know any spells.
Your spell library was empty.

Dungeon Overview and Level Annotations

Branches:
Dungeon (4/15)
 Temple: D:4-7

Altars:
Trog
Wu Jian

Annotations:
D:3 2 transporters, Sigmund


Innate Abilities, Weirdness & Mutations

You reflexively headbutt those who attack you in melee.
You have a pair of horns on your head.


Message History

The ogre shouts!
A worker ant comes into view.
You see here 24 stones.
The worker ant twitches its antennae in your direction.
You see here 24 stones.
The ogre hits you with a +0 giant club!!
You see here 24 stones.
You hit the ogre.
The ogre is lightly wounded.
You block the ogre's attack.
You completely miss the ogre. You headbutt the ogre!
The ogre is heavily wounded.
The worker ant waves its antennae.
The ogre hits you with a +0 giant club!!
Ouch! That really hurt!
* * * LOW HITPOINT WARNING * * *
You barely miss the ogre.
The ogre is heavily wounded.
The ogre hits you with a +0 giant club!
You die...

..#..#
..#..#############.
................... .
..#..####.#.######..#
..#..####.#.........#
..........#....###..
..##...##.####...#
.....รท....#....#.#
..###.##..#.####@#
..........# #O#
..###.#.#... #a# ..#
#.#.#..## ... ..# #.#
#... ..... .#. ...
#####...## ###....
##.## # #.# #.#


You could see an ogre and a worker ant.

Vanquished Creatures
  A worker ant (D:4)
  4 gnolls (D:3)
  2 adders
  2 worms (D:3)
  2 dart slugs
  4 leopard geckos
  An orc (D:3)
  7 bats
  6 giant cockroaches
  10 goblins
  10 hobgoblins
  2 jackals (D:3)
  5 kobolds
  A quokka (D:2)
  7 frilled lizards
  5 rats
69 creatures vanquished.

Notes
Turn   | Place    | Note
-------+----------+-------------------------------------------
     0 | D:1      | Fallenstar the Minotaur Fighter began the quest for the
                  | Orb.
     0 | D:1      | Reached XP level 1. HP: 19/19 MP: 0/0
   221 | D:1      | Reached XP level 2. HP: 27/27 MP: 1/1
   338 | D:1      | Reached skill level 4 in Armour
   629 | D:1      | Reached XP level 3. HP: 30/33 MP: 2/2
  1040 | D:2      | Found a bloodstained altar of Trog.
  1797 | D:3      | Reached XP level 4. HP: 27/40 MP: 3/3
  1810 | D:3      | HP: 1/40 [gnoll/+0 spear (2)]
  1827 | D:3      | HP: 2/40 [gnoll/+0 spear (1)]
  2570 | D:3      | Found a transporter.
  2633 | D:3      | Found a transporter.
  2661 | D:3      | Found an ornate altar of the Wu Jian Council.
  2871 | D:3      | Noticed Sigmund
  3092 | D:4      | Reached skill level 5 in Armour
  3092 | D:4      | Reached XP level 5. HP: 44/46 MP: 4/4
  3121 | D:4      | Noticed an ogre
  3128 | D:4      | HP: 2/47 [ogre/+0 giant club (27)]
  3129 | D:4      | Mangled by an ogre

Illustrated notes

Levels and vault maps discovered:
D:1:      lightli_arrival_boilingwater, layout_basic,
          ebering_dispersal_statue_hall, st_stairs_5, minmay_cut_off
D:2:      layout_basic, old_standard_altar, first_ration
D:3:      gammafunk_steamed_eel, layout_loops_ring, overflow_temple_1_default,
          serial_forest, infiniplex_forest_straight_5,
          infiniplex_forest_clump_long, infiniplex_forest_diagonal,
          infiniplex_forest_side_room, infiniplex_forest_end_1,
          infiniplex_forest_clump_tiny, infiniplex_forest_straight_3,
          infiniplex_forest_join, uniq_sigmund
D:4:      layout_loops_ring, uniq_blork_the_orc, uniq_ijyb

Skill      XL: |  1  2  3  4  5 |
---------------+----------------+-----
Fighting       | 4 |  4.3
Armour         | 4 5 |  5.1
Shields        | 4 |  4.4
Axes           | 3 4 |  4.0
Dodging        | |  0.8

Action                   |  1- 3 |  4- 6 || total
-------------------------+-------+-------++-------
Melee: War axe           |   117 |    64 ||   181
       Headbutt          |    17 |     6 ||    23
  Use: Scroll            |     6 |       ||     6
       Potion            |     5 |     3 ||     8
  Eat: Chunk             |     3 |     4 ||     7
Armor: Scale mail        |    56 |    26 ||    82
Dodge: Dodged            |    23 |    21 ||    44
Block: Kite shield       |    56 |    40 ||    96
